 Dungeon Crawl Stone Soup version 0.20-a0-738-gb057e68 (webtiles) character file.

102 polly the Slasher (level 4, -5/34 HPs)
             Began as a Demonspawn Gladiator on Feb 24, 2017.
             Slain by a gnoll
             ... wielding a +0 flail
              (8 damage)
             ... on level 3 of the Dungeon.
             The game lasted 00:02:26 (1265 turns).

polly the Slasher (Demonspawn Gladiator)            Turns: 1265, Time: 00:02:27

Health: -5/34      AC:  9    Str: 15    XL:     4   Next: 49%
Magic:  4/4        EV:  7    Int: 10    God:
Gold:   85         SH:  0    Dex: 14    Spells: 3/3 levels left

rFire    . . .     SeeInvis .   a - +0 long sword
rCold    . . .     Gourm    .   j - +0 chain mail
rNeg     . . .     Faith    .   (no shield)
rPois    +         Spirit   .   c - +0 helmet
rElec    .         Reflect  .   (no cloak)
rCorr    +         Harm     .   (no gloves)
MR       .....     Clarity  +   (no boots)
Stlth    ..........             (no amulet)
Regen    0.2/turn               (no ring)
MPRegen  0.1/turn               e - ring of resist corrosion

@: lethally poisoned (-5 -> -9)
A: blink, clarity, poison resistance, powered by death 1, evolution 1
a: Blink


You were on level 3 of the Dungeon.
You were not hungry.

You visited 1 branch of the dungeon, and saw 3 of its levels.

You collected 85 gold pieces.

Inventory:

Hand Weapons
 a - a +0 long sword (weapon)
Missiles
 d - 3 throwing nets (quivered)
Armour
 c - a +0 helmet (worn)
 j - a +0 chain mail (worn)
Jewellery
 e - a ring of resist corrosion (left hand)
 g - an uncursed amulet of rage {unknown}
Scrolls
 b - a scroll of identify {unknown}
 h - 3 scrolls of teleportation {unknown}
 k - a scroll of recharging {unknown}
Potions
 i - 2 potions of mutation
Comestibles
 f - 2 bread rations
 l - a chunk of flesh


   Skills:
 + Level 2.4 Fighting
 + Level 3.5 Long Blades
 + Level 2.1 Throwing
 + Level 1.4 Armour
 + Level 3.3 Dodging


You had 3 spell levels left.
You didn't know any spells.

Dungeon Overview and Level Annotations

Branches:
Dungeon (3/15)

Altars:


Innate Abilities, Weirdness & Mutations

You regenerate a little health from kills.
You can translocate small distances at will.
You possess an exceptional clarity of mind.
Your system is resistant to poisons. (rPois)
You evolve.


Message History

You feel sick.
There is a stone staircase leading up here.
You start resting.
There is a lethal amount of poison in your body!
There is a lethal amount of poison in your body!
Okay, then.
* * * LOW HITPOINT WARNING * * *
You feel sick.
* * * LOW HITPOINT WARNING * * *
You feel sick.
A gnoll comes into view. It is wielding a flail.
The gnoll shouts!
* * * LOW HITPOINT WARNING * * *
You feel sick. 2 gnolls come into view.
A gnoll comes into view. It is wielding a spear.
* * * LOW HITPOINT WARNING * * *
You feel sick. The gnoll hits you with a flail!
You die...

...##.##..##.
#.##...##.... .
#.#.###.#... #.
#.#.....#g# #
#####.##.#?###.#.##.#
.........##...##g....
.........##.##g.#
#...........@.#
##............#......
#.........##.#.##.###
...#...†).#####.# #
#.......).# ..
.....#..)<# ###
#......#### #.....#
##.#.


You could see 3 gnolls.

Vanquished Creatures
  Jessica (D:2)
  2 adders
  2 oozes
  2 worms
  2 dart slugs
  A leopard gecko (D:2)
  An orc (D:3)
  3 giant cockroaches
  8 goblins
  2 hobgoblins
  4 kobolds
  A quokka (D:2)
  5 bats
  4 rats
38 creatures vanquished.

Notes
Turn   | Place    | Note
-------+----------+-------------------------------------------
     0 | D:1      | polly the Demonspawn Gladiator began the quest for the Orb.
     0 | D:1      | Reached XP level 1. HP: 16/16 MP: 1/1
   161 | D:1      | Gained mutation: You regenerate a little health from kills. [demonic ancestry]
   161 | D:1      | Reached XP level 2. HP: 18/22 MP: 2/2
   619 | D:2      | Reached XP level 3. HP: 20/27 MP: 3/3
   820 | D:2      | Noticed Jessica
   829 | D:2      | Gained mutation: You have large cloven feet. [potion of mutation]
   829 | D:2      | Gained mutation: Your flesh is heat resistant. (rF+) [potion of mutation]
   829 | D:2      | Gained mutation: You have a pair of small antennae on your head. [potion of mutation]
   829 | D:2      | Gained mutation: You are robust. (+10% HP) [potion of mutation]
   831 | D:2      | Killed Jessica
   831 | D:2      | Reached skill level 1 in Armour
   835 | D:2      | Reached XP level 4. HP: 9/37 MP: 4/4
  1064 | D:2      | Lost mutation: You have large cloven feet. [potion of mutation]
  1064 | D:2      | Lost mutation: Your flesh is heat resistant. (rF+) [potion of mutation]
  1064 | D:2      | Lost mutation: You are robust. (+10% HP) [potion of mutation]
  1064 | D:2      | Lost mutation: You have a pair of small antennae on your head. [potion of mutation]
  1064 | D:2      | Gained mutation: Your system is resistant to poisons. (rPois) [potion of mutation]
  1064 | D:2      | Gained mutation: You possess an exceptional clarity of mind. [potion of mutation]
  1064 | D:2      | Gained mutation: You can translocate small distances at will. [potion of mutation]
  1064 | D:2      | Gained mutation: You evolve. [potion of mutation]
  1265 | D:3      | Slain by a gnoll

Vault maps used:
D:1:      ncdulo_wetmaze, hangedman_decor_points
D:2:      uniq_jessica
D:3:      minmay_wonky_spiral, nicolae_overflow_crystal_walls,
          lightli_sewer_entry_pipes, glass_columns_c, minmay_checkerbox

Skill      XL: |  1  2  3 |
---------------+----------+-----
Throwing       | 2 |  2.1
Dodging        | 3 |  3.3
Long Blades    | 3 |  3.5
Armour         | 1 |  1.4
Fighting       | |  2.4

Action                   |  1- 3 |  4- 6 || total
-------------------------+-------+-------++-------
Melee: Long sword        |    61 |    32 ||    93
Throw: Throwing net      |     3 |       ||     3
 Abil: Blink             |       |     1 ||     1
  Use: Potion            |     2 |     1 ||     3
 Stab: Held in net/web   |     1 |       ||     1
  Eat: Chunk             |       |     1 ||     1
Armor: Leather armour    |     8 |       ||     8
       Chain mail        |     9 |    38 ||    47
Dodge: Dodged            |    39 |    20 ||    59
       Rpst.: Long sword |    10 |     6 ||    16
